MLB
PITTSBURGH PIRATES @ CHICAGO CUBS
08/09/2098
 
TOP OF THE 1ST
Pittsburgh Pirates batting - Pitching for Chicago Cubs : RHP Ron Payne
Pitching: RHP Ron Payne
Batting: SHB Nick Stiles 0-0: Fly out, F8 (Flyball, 89M, EV 81.9 MPH)
Batting: RHB Verner Johannsen 0-0: Ball
1-0: Foul Ball, location: 9LSF
1-1: Called Strike
1-2: Strikes out swinging
Batting: RHB Zachary Gugliotta 0-0: Ball
1-0: Swinging Strike
1-1: Ball
2-1: Foul Ball, location: 3F
2-2: SINGLE (Line Drive, 7LS, EV 101.3 MPH)
Batting: RHB Carlos Flores 0-0: Ball
1-0: Called Strike
1-1: Fly out, F7 (Flyball, 7D, EV 111.3 MPH)
Top of the 1st over - 0 runs, 1 hit, 0 errors, 1 left on base; Pittsburgh 0 - Chicago 0
BOTTOM OF THE 1ST
Chicago Cubs batting - Pitching for Pittsburgh Pirates : RHP Russ Einhorn
Pitching: RHP Russ Einhorn
Batting: RHB Armando Valenzuela 0-0: Ball
1-0: Called Strike
1-1: Swinging Strike
1-2: Ball
2-2: Strikes out swinging
Batting: LHB Nick Criswell 0-0: Ball
1-0: Ball
2-0: Fly out, F8 (Flyball, 8LD, EV 92.5 MPH)
Batting: LHB Elijah Fairchild 0-0: Foul Ball, location: 7LMF
0-1: Called Strike
0-2: Ball
1-2: Ball
2-2: Strikes out swinging
Bottom of the 1st over - 0 runs, 0 hits, 0 errors, 0 left on base; Pittsburgh 0 - Chicago 0
TOP OF THE 2ND
Pittsburgh Pirates batting - Pitching for Chicago Cubs : RHP Ron Payne
Batting: RHB Nate D'Acquisto 0-0: Ball
1-0: Ball
2-0: Foul Ball, location: 3SF
2-1: Foul Ball, location: 9LSF
2-2: Ground out 6-3 (Groundball, 6, EV 85.0 MPH)
Batting: LHB Todd Schuller 0-0: Called Strike
0-1: Fly out, F7 (Flyball, 7LM, EV 93.8 MPH)
Batting: RHB Alex Velazquez 0-0: Ball
1-0: Foul Ball, location: 3F
1-1: Foul Ball, location: 3FF
1-2: Foul Ball, location: 7LMF
1-2: Ball
2-2: Ball
3-2: Foul Ball, location: 2F
3-2: Strikes out swinging
Top of the 2nd over - 0 runs, 0 hits, 0 errors, 0 left on base; Pittsburgh 0 - Chicago 0
BOTTOM OF THE 2ND
Chicago Cubs batting - Pitching for Pittsburgh Pirates : RHP Russ Einhorn
Batting: LHB Israel Perez 0-0: SINGLE (Groundball, 34D, EV 105.0 MPH)
Batting: RHB Amir Shaw 0-0: Foul Ball, location: 25FF
0-1: Ball
Wild Pitch!
Israel Perez to second
1-1: Swinging Strike
1-2: Foul Ball, location: 2LF
1-2: Ball
2-2: Ball
3-2: Ground out 6-3 (Groundball, 6, EV 85.0 MPH)
Batting: RHB Jaylin Tillman 0-0: Ball
1-0: Ball
2-0: SINGLE (Line Drive, 7S, EV 91.9 MPH)
Israel Perez to third
Batting: RHB Devin Williams 0-0: Called Strike
0-1: Foul Ball, location: 2F
0-2: Foul Ball, location: 5DF
0-2: Fielders Choice at 2nd, 4-6 (Groundball, 4, EV 81.9 MPH)
Israel Perez scores
Batting: RHB Derick Benjamin 0-0: Swinging Strike
0-1: Fielders Choice at 2nd, 6-4 (Groundball, 6, EV 61.9 MPH)
Bottom of the 2nd over - 1 run, 2 hits, 0 errors, 1 left on base; Pittsburgh 0 - Chicago 1
TOP OF THE 3RD
Pittsburgh Pirates batting - Pitching for Chicago Cubs : RHP Ron Payne
Batting: RHB Bryan Dannemiller 0-0: Ball
1-0: Ball
2-0: Ground out 4-3 (Groundball, 4MS, EV 78.8 MPH)
Batting: RHB Jeremiah Coleman 0-0: Foul Ball, location: 5F
0-1: Foul Ball, location: 3FF
0-2: Strikes out looking
Batting: SHB Nick Stiles 0-0: Ball
1-0: Fly out, F7 (Line Drive, 7S, EV 86.9 MPH)
Top of the 3rd over - 0 runs, 0 hits, 0 errors, 0 left on base; Pittsburgh 0 - Chicago 1
BOTTOM OF THE 3RD
Chicago Cubs batting - Pitching for Pittsburgh Pirates : RHP Russ Einhorn
Batting: LHB Brent Griffin 0-0: Ball
1-0: Ball
2-0: Called Strike
2-1: Fly out, F7 (Flyball, 7LM, EV 104.4 MPH)
Batting: RHB Armando Valenzuela 0-0: Ball
1-0: Swinging Strike
1-1: Ball
2-1: Ground out 6-3 (Groundball, 56, EV 106.3 MPH)
Batting: LHB Nick Criswell 0-0: Foul Ball, location: 7LSF
0-1: Ball
1-1: Foul Ball, location: 23F
1-2: Foul Ball, location: 3FF
1-2: Strikes out swinging
Bottom of the 3rd over - 0 runs, 0 hits, 0 errors, 0 left on base; Pittsburgh 0 - Chicago 1
TOP OF THE 4TH
Pittsburgh Pirates batting - Pitching for Chicago Cubs : RHP Ron Payne
Batting: RHB Verner Johannsen 0-0: Ball
1-0: Ball
2-0: Ball
3-0: Base on Balls
Batting: RHB Zachary Gugliotta 0-0: Foul Ball, location: 3F
0-1: Ball
1-1: Foul Ball, location: 2F
1-2: Strikes out looking
Batting: RHB Carlos Flores 0-0: Called Strike
0-1: Foul Ball, location: 9LMF
0-2: Ball
1-2: Foul Ball, location: 9LMF
1-2: Ball
2-2: SINGLE (Flyball, 78S, EV 100.6 MPH)
Verner Johannsen to second
Batting: RHB Nate D'Acquisto 0-0: Swinging Strike
0-1: Foul Ball, location: 2F
0-2: Ball
1-2: SINGLE (Line Drive, 4D, EV 107.5 MPH)
Verner Johannsen to third
Carlos Flores to second
Batting: LHB Todd Schuller 0-0: Ball
1-0: SINGLE (Groundball, 4D, EV 95.6 MPH)
Verner Johannsen scores
Carlos Flores to third
Nate D'Acquisto to second
Runner from 3rd tries for Home, SAFE, throw by CF to home
Batting: RHB Alex Velazquez 0-0: Called Strike
0-1: Swinging Strike
0-2: Ball
1-2: Foul Ball, location: 25F
1-2: Foul Ball, location: 2RF
1-2: DOUBLE (Line Drive, 7LS, EV 95.6 MPH)
Nate D'Acquisto scores
Todd Schuller to third
Batting: RHB Bryan Dannemiller 0-0: Intentional Walk
Batting: RHB Jeremiah Coleman 0-0: Fly out, F9 (Flyball, 89D, EV 90.6 MPH)
Runner from 3rd tags up, OUT at HOME! 9-2
Top of the 4th over - 3 runs, 4 hits, 0 errors, 2 left on base; Pittsburgh 3 - Chicago 1
BOTTOM OF THE 4TH
Chicago Cubs batting - Pitching for Pittsburgh Pirates : RHP Russ Einhorn
Batting: LHB Elijah Fairchild 0-0: Ball
1-0: Foul Ball, location: 5F
1-1: Ball
2-1: Ball
3-1: Called Strike
3-2: SINGLE (Line Drive, 8RS, EV 95.6 MPH)
Batting: LHB Israel Perez 0-0: Ball
1-0: Ball
Elijah Fairchild steals 2nd base
2-0: Ball
3-0: Base on Balls
Batting: RHB Amir Shaw 0-0: Ball
1-0: Foul Ball, location: 2F
1-1: Ball
2-1: Called Strike
2-2: Foul Ball, location: 9LDF
2-2: Strikes out swinging
Batting: RHB Jaylin Tillman 0-0: Fly out, F9 (Flyball, 9, EV 80.6 MPH)
Batting: RHB Devin Williams 0-0: Called Strike
0-1: Ball
1-1: Ball
2-1: SINGLE (Groundball, 4MS, EV 74.4 MPH) (infield hit)
Elijah Fairchild to third
Israel Perez to second
Batting: RHB Derick Benjamin 0-0: Foul Ball, location: 2F
0-1: Fly out, F8 (Flyball, 89D, EV 92.5 MPH)
Bottom of the 4th over - 0 runs, 2 hits, 0 errors, 3 left on base; Pittsburgh 3 - Chicago 1
TOP OF THE 5TH
Pittsburgh Pirates batting - Pitching for Chicago Cubs : RHP Ron Payne
Batting: SHB Nick Stiles 0-0: Ball
1-0: Foul Ball, location: 5F
1-1: Ball
2-1: Ball
3-1: Called Strike
3-2: Fly out, F7 (Line Drive, 78M, EV 99.4 MPH)
Batting: RHB Verner Johannsen 0-0: Ball
1-0: Called Strike
1-1: Ball
2-1: Ball
3-1: Base on Balls
Batting: RHB Zachary Gugliotta 0-0: Called Strike
0-1: Swinging Strike
0-2: Ball
1-2: Ball
2-2: Foul Ball, location: 2F
2-2: Foul Ball, location: 5SF
2-2: Ball
3-2: Base on Balls
Verner Johannsen to second
Batting: RHB Carlos Flores 0-0: Ball
1-0: Ball
2-0: Called Strike
2-1: Ball
3-1: Foul Ball, location: 5SF
3-2: Grounds into double play, 4-6-3 (Groundball, 4, EV 84.4 MPH)
Top of the 5th over - 0 runs, 0 hits, 0 errors, 1 left on base; Pittsburgh 3 - Chicago 1
BOTTOM OF THE 5TH
Chicago Cubs batting - Pitching for Pittsburgh Pirates : RHP Russ Einhorn
Batting: LHB Brent Griffin 0-0: Called Strike
0-1: SINGLE (Groundball, 4MD, EV 101.3 MPH)
Batting: RHB Armando Valenzuela 0-0: Ball
1-0: Ball
2-0: Fielders Choice at 2nd, 6-4 (Groundball, 6, EV 103.8 MPH)
Batting: LHB Nick Criswell 0-0: Foul Ball, location: 7LSF
0-1: Ball
1-1: Ball
2-1: Fly out, F8 (Flyball, 8LM, EV 91.3 MPH)
Batting: LHB Elijah Fairchild 0-0: Ball
Armando Valenzuela steals 2nd base
1-0: Ball
2-0: Ground out 5-3 (Groundball, 56, EV 102.5 MPH)
Bottom of the 5th over - 0 runs, 1 hit, 0 errors, 1 left on base; Pittsburgh 3 - Chicago 1
TOP OF THE 6TH
Pittsburgh Pirates batting - Pitching for Chicago Cubs : RHP Ron Payne
Batting: RHB Nate D'Acquisto 0-0: Ball
1-0: Ball
2-0: Ground out 5-3 (Groundball, 56, EV 107.5 MPH)
Batting: LHB Todd Schuller 0-0: Ball
1-0: Ground out 3-1 (Groundball, 34, EV 82.5 MPH)
Batting: RHB Alex Velazquez 0-0: Ball
1-0: Called Strike
1-1: Ball
2-1: Swinging Strike
2-2: Strikes out swinging
Top of the 6th over - 0 runs, 0 hits, 0 errors, 0 left on base; Pittsburgh 3 - Chicago 1
BOTTOM OF THE 6TH
Chicago Cubs batting - Pitching for Pittsburgh Pirates : RHP Russ Einhorn
Batting: LHB Israel Perez 0-0: Called Strike
0-1: Ball
1-1: Ball
2-1: Ball
3-1: Ground out U3 (Groundball, 23, EV 81.3 MPH)
Batting: RHB Amir Shaw 0-0: Called Strike
0-1: Ball
1-1: Swinging Strike
1-2: Strikes out looking
Batting: RHB Jaylin Tillman 0-0: Ball
1-0: Called Strike
1-1: Swinging Strike
1-2: Ball
2-2: Strikes out swinging
Bottom of the 6th over - 0 runs, 0 hits, 0 errors, 0 left on base; Pittsburgh 3 - Chicago 1
TOP OF THE 7TH
Pittsburgh Pirates batting - Pitching for Chicago Cubs : RHP Ron Payne
Batting: RHB Bryan Dannemiller 0-0: Called Strike
0-1: SINGLE (Line Drive, 5D, EV 99.4 MPH)
Batting: RHB Jeremiah Coleman 0-0: Ball
1-0: Called Strike
1-1: Fielders Choice at 2nd, 5-4 (Groundball, 56, EV 101.9 MPH)
Batting: SHB Nick Stiles 0-0: Called Strike
0-1: Ball
1-1: Called Strike
1-2: Ball
2-2: Foul Ball, location: 2F
2-2: Ball
3-2: Foul Ball, location: 2F
3-2: SINGLE (Groundball, 34S, EV 64.4 MPH) (infield hit)
Jeremiah Coleman to second
Pitching: RHP Jarred Karr
Batting: RHB Verner Johannsen 0-0: Called Strike
0-1: Foul Ball, location: 7LMF
0-2: Ball
1-2: Foul Ball, location: 2F
1-2: Ball
2-2: Strikes out swinging
Batting: RHB Zachary Gugliotta 0-0: Ball
1-0: Ball
2-0: Fly out, F8 (Flyball, 8RD, EV 89.4 MPH)
Top of the 7th over - 0 runs, 2 hits, 0 errors, 2 left on base; Pittsburgh 3 - Chicago 1
BOTTOM OF THE 7TH
Chicago Cubs batting - Pitching for Pittsburgh Pirates : RHP Russ Einhorn
Pitching: LHP Jo Sealy
Batting: RHB Devin Williams 0-0: Ball
1-0: Ball
2-0: Ball
3-0: Base on Balls
Batting: RHB Derick Benjamin 0-0: Ball
1-0: Foul Ball, location: 7LSF
1-1: Fly out, F9 (Flyball, 9D, EV 100.6 MPH)
Pinch Hitting: RHB Dave Conley 0-0: Ball
1-0: Grounds into double play, 6-4-3 (Groundball, 6, EV 86.3 MPH)
Bottom of the 7th over - 0 runs, 0 hits, 0 errors, 0 left on base; Pittsburgh 3 - Chicago 1
TOP OF THE 8TH
Pittsburgh Pirates batting - Pitching for Chicago Cubs : RHP Jarred Karr
Now at SS: Dave Conley
Batting: RHB Carlos Flores 0-0: SINGLE (Line Drive, 89S, EV 109.4 MPH)
Batting: RHB Nate D'Acquisto 0-0: Called Strike
0-1: Called Strike
0-2: Ball
1-2: Ball
2-2: Strikes out looking
Batting: LHB Todd Schuller 0-0: Called Strike
0-1: Foul Ball, location: 2F
0-2: Grounds out, U3 (Groundball, 3L, EV 101.9 MPH)
Batting: RHB Alex Velazquez 0-0: Ball
1-0: Fly out, F7 (Flyball, 78M, EV 90.0 MPH)
Top of the 8th over - 0 runs, 1 hit, 0 errors, 1 left on base; Pittsburgh 3 - Chicago 1
BOTTOM OF THE 8TH
Chicago Cubs batting - Pitching for Pittsburgh Pirates : LHP Jo Sealy
Batting: RHB Armando Valenzuela 0-0: Foul Ball, location: 3DF
0-1: Swinging Strike
0-2: Strikes out looking
Pinch Hitting: RHB Kevin Luzzo 0-0: Swinging Strike
0-1: Called Strike
0-2: Strikes out swinging
Batting: LHB Elijah Fairchild 0-0: Foul Ball, location: 5F
0-1: Ball
1-1: Ground out U3 (Groundball, 34, EV 91.9 MPH)
Bottom of the 8th over - 0 runs, 0 hits, 0 errors, 0 left on base; Pittsburgh 3 - Chicago 1
TOP OF THE 9TH
Pittsburgh Pirates batting - Pitching for Chicago Cubs : RHP Jarred Karr
Now at 1B: Esteban Castro
Batting: RHB Bryan Dannemiller 0-0: Ball
1-0: Ball
2-0: Ball
3-0: Called Strike
3-1: Fly out, F8 (Flyball, 8LXD, EV 105.6 MPH)
Batting: RHB Jeremiah Coleman 0-0: Ball
1-0: Ball
2-0: Ball
3-0: Called Strike
3-1: Foul Ball, location: 3FF
3-2: Base on Balls
Pitching: RHP Josh Ruhe
Batting: SHB Nick Stiles 0-0: Ball
1-0: Fly out, F9 (Line Drive, 9D, EV 86.9 MPH)
Batting: RHB Verner Johannsen 0-0: Swinging Strike
0-1: Foul Ball, location: 9LMF
0-2: Ball
1-2: Ball
2-2: Reached on error, E6 (Groundball, 6, EV 101.3 MPH)
Jeremiah Coleman to second
Batting: RHB Zachary Gugliotta 0-0: DOUBLE (Line Drive, 7LS, EV 94.4 MPH)
Jeremiah Coleman scores
Verner Johannsen to third
Runner from 3rd tries for Home, SAFE, throw by LF to home
Batting: RHB Carlos Flores 0-0: Fly out, F8 (Flyball, 89M, EV 84.4 MPH)
Top of the 9th over - 2 runs, 1 hit, 1 error, 1 left on base; Pittsburgh 5 - Chicago 1
BOTTOM OF THE 9TH
Chicago Cubs batting - Pitching for Pittsburgh Pirates : LHP Jo Sealy
Batting: LHB Israel Perez 0-0: Called Strike
0-1: Ball
1-1: Ball
2-1: Foul Ball, location: 2F
2-2: Fly out, F7 (Line Drive, 7, EV 91.9 MPH)
Batting: RHB Amir Shaw 0-0: Swinging Strike
0-1: Swinging Strike
0-2: Reaches on Catchers interference
Batting: RHB Jaylin Tillman 0-0: Called Strike
0-1: Foul Ball, location: 2F
0-2: Ball
1-2: Ball
2-2: Foul Ball, location: 2F
2-2: 2-RUN HOME RUN (Flyball, 7LD, EV 101.3 MPH), Distance : 371 ft
Batting: RHB Devin Williams 0-0: Ball
1-0: Ball
2-0: Foul Ball, location: 25F
2-1: SINGLE (Groundball, 13S, EV 64.4 MPH) (infield hit)
Pitching: RHP Joe Duncan
Batting: RHB Derick Benjamin 0-0: Called Strike
0-1: Swinging Strike
0-2: Ball
1-2: Strikes out looking
Batting: RHB Dave Conley 0-0: Fly out, F3 (Line Drive, 3L, EV 70.0 MPH)
Bottom of the 9th over - 2 runs, 2 hits, 1 error, 1 left on base; Pittsburgh 5 - Chicago 3
Friday, April 12th , 2024 - OOTP Baseball 24.11 Build 85